| TOP OF THE 1ST |
|
Bluefield Blue Jays batting - Pitching for Baltimore (APP) Orioles : RHP Bruce Yeager
|
|
Pitching: RHP Bruce Yeager
|
|
|
Batting: RHB Dustin Bargman
|
0-0: Ball 1-0: Called Strike 1-1: SINGLE (Groundball, P, EV 84.4 MPH) (infield hit)
|
|
Batting: RHB Jorge Cruz
|
0-0: SINGLE (Groundball, 56D, EV 103.8 MPH) Dustin Bargman to second
|
|
Batting: RHB Mark Noftall
|
0-0: Ball 1-0: Fly out, F8 (Flyball, 8LD, EV 101.9 MPH)
|
|
Batting: RHB Terry Plumley
|
0-0: Called Strike 0-1: Ball 1-1: Ball 2-1: Ball 3-1: Base on Balls Dustin Bargman to third Jorge Cruz to second
|
|
Batting: RHB David Gamez
|
0-0: DOUBLE (Line Drive, 7LS, EV 105.6 MPH) Dustin Bargman scores Jorge Cruz scores Terry Plumley to third
|
|
Batting: LHB Nate Greening
|
0-0: Called Strike 0-1: Foul Ball, location: 2F 0-2: Foul Ball, location: 2F 0-2: Ball 1-2: Ball 2-2: Strikes out swinging
|
|
Batting: LHB Ron de Vos
|
0-0: SINGLE (Groundball, 25, EV 65.6 MPH) (infield hit) Terry Plumley scores David Gamez to third
|
|
Batting: RHB Jorge Alva
|
0-0: Fly out, F9 (Flyball, 9D, EV 92.5 MPH)
|
| Top of the 1st over - 3 runs, 4 hits, 0 errors, 2 left on base; Bluefield 3 - Baltimore (APP) 0 |
| BOTTOM OF THE 1ST |
|
Baltimore (APP) Orioles batting - Pitching for Bluefield Blue Jays : RHP Shalom Diender
|
|
Pitching: RHP Shalom Diender
|
|
|
Batting: SHB Eric Kelley
|
0-0: Foul Ball, location: 2F 0-1: Ball 1-1: Hit by Pitch
|
|
Batting: RHB C.J. Wells
|
0-0: Foul Ball, location: 2F 0-1: Ball Passed Ball! Eric Kelley to second 1-1: Swinging Strike 1-2: Foul Ball, location: 2F 1-2: Ball 2-2: Strikes out swinging
|
|
Batting: RHB Minoru Matsumoto
|
0-0: Called Strike 0-1: Foul Ball, location: 2F 0-2: Ball 1-2: Ball 2-2: Foul Ball, location: 2F 2-2: Foul Ball, location: 2F 2-2: Foul Ball, location: 2F 2-2: Ball 3-2: Base on Balls
|
|
Batting: LHB Xue-liang Zhou
|
0-0: Foul Ball, location: 2F 0-1: Foul Ball, location: 2F 0-2: Fielders Choice at 2nd, 6-4 (Groundball, 6, EV 81.9 MPH) Eric Kelley to third
|
|
Batting: LHB Chris Cohen
|
0-0: Ball 1-0: Foul Ball, location: 2F 1-1: Ball 2-1: Foul Ball, location: 2F 2-2: Foul Ball, location: 2F 2-2: Ball 3-2: Strikes out looking
|
| Bottom of the 1st over - 0 runs, 0 hits, 0 errors, 2 left on base; Bluefield 3 - Baltimore (APP) 0 |
| TOP OF THE 2ND |
|
Bluefield Blue Jays batting - Pitching for Baltimore (APP) Orioles : RHP Bruce Yeager
|
|
Batting: RHB Benedikt Fleischmann
|
0-0: Foul Ball, location: 2F 0-1: Foul Ball, location: 2F 0-2: Ball 1-2: Ball 2-2: Strikes out looking
|
|
Batting: RHB Dustin Bargman
|
0-0: Ground out U3 (Groundball, 34, EV 109.4 MPH)
|
|
Batting: RHB Jorge Cruz
|
0-0: Called Strike 0-1: Called Strike 0-2: Ball 1-2: Ball 2-2: Fly out, F8 (Line Drive, 8RM, EV 98.1 MPH)
|
| Top of the 2nd over - 0 runs, 0 hits, 0 errors, 0 left on base; Bluefield 3 - Baltimore (APP) 0 |
| BOTTOM OF THE 2ND |
|
Baltimore (APP) Orioles batting - Pitching for Bluefield Blue Jays : RHP Shalom Diender
|
|
Batting: RHB Juan Eyrich
|
0-0: Called Strike 0-1: Foul Ball, location: 2F 0-2: Ball 1-2: Foul Ball, location: 2F 1-2: Ball 2-2: Strikes out looking
|
|
Batting: RHB Ruben Domingues
|
0-0: Ball 1-0: Foul Ball, location: 2F 1-1: Ball 2-1: Called Strike 2-2: Ball 3-2: Base on Balls
|
|
Batting: LHB Edwin Cabral
|
0-0: Called Strike 0-1: Ball 1-1: Ball 2-1: Ball 3-1: SINGLE (Line Drive, 7S, EV 101.9 MPH) Ruben Domingues to second
|
|
Batting: LHB Ivan Alvarez
|
0-0: Ball 1-0: Ball 2-0: Foul Ball, location: 2F 2-1: Swinging Strike 2-2: Foul Ball, location: 2F 2-2: Strikes out swinging
|
|
Batting: SHB Eric Kelley
|
0-0: Foul Ball, location: 2F 0-1: Ball 1-1: SINGLE (Groundball, 5S, EV 72.5 MPH) (infield hit) Ruben Domingues to third Edwin Cabral to second
|
|
Batting: RHB C.J. Wells
|
0-0: GRAND SLAM HOME RUN (Flyball, 7D, EV 97.5 MPH), Distance : 393 ft
|
|
Batting: RHB Minoru Matsumoto
|
0-0: Ball 1-0: Called Strike 1-1: Ball 2-1: Ball 3-1: Base on Balls
|
|
Batting: LHB Xue-liang Zhou
|
0-0: Ball 1-0: Called Strike 1-1: Ball 2-1: Ball 3-1: Base on Balls Minoru Matsumoto to second
|
|
Batting: LHB Chris Cohen
|
0-0: Ball 1-0: Swinging Strike 1-1: Ball 2-1: Ball Wild Pitch! Minoru Matsumoto to third Xue-liang Zhou to second 3-1: Base on Balls
|
|
Batting: RHB Juan Eyrich
|
0-0: TRIPLE (Flyball, 89XD, EV 93.8 MPH) Minoru Matsumoto scores Xue-liang Zhou scores Chris Cohen scores
|
|
Pitching: RHP Jordan Wyatt
|
|
|
Batting: RHB Ruben Domingues
|
0-0: Ball 1-0: Called Strike 1-1: Ball 2-1: Ball 3-1: Foul Ball, location: 2F 3-2: Strikes out swinging
|
| Bottom of the 2nd over - 7 runs, 4 hits, 0 errors, 1 left on base; Bluefield 3 - Baltimore (APP) 7 |
| TOP OF THE 3RD |
|
Bluefield Blue Jays batting - Pitching for Baltimore (APP) Orioles : RHP Bruce Yeager
|
|
Batting: RHB Mark Noftall
|
0-0: Ball 1-0: Ball 2-0: Ball 3-0: Called Strike 3-1: Base on Balls
|
|
Batting: RHB Terry Plumley
|
0-0: Foul Ball, location: 2F 0-1: Ground out 5-3 (Groundball, 56S, EV 64.4 MPH) Mark Noftall to second
|
|
Batting: RHB David Gamez
|
0-0: Ball 1-0: Called Strike 1-1: Ball 2-1: Ball 3-1: Called Strike 3-2: Foul Ball, location: 2F 3-2: SINGLE (Groundball, 34D, EV 95.6 MPH) Mark Noftall to third Runner from 3rd tries for Home, SAFE, throw by RF to home
|
|
Batting: LHB Nate Greening
|
0-0: Foul Ball, location: 2F 0-1: Foul Ball, location: 2F 0-2: Strikes out swinging
|
|
Batting: LHB Ron de Vos
|
0-0: Called Strike 0-1: Swinging Strike 0-2: Ball 1-2: Ball 2-2: Ground out 4-3 (Groundball, 34, EV 105.0 MPH)
|
| Top of the 3rd over - 1 run, 1 hit, 0 errors, 1 left on base; Bluefield 4 - Baltimore (APP) 7 |
| BOTTOM OF THE 3RD |
|
Baltimore (APP) Orioles batting - Pitching for Bluefield Blue Jays : RHP Jordan Wyatt
|
|
Batting: LHB Edwin Cabral
|
0-0: Ball 1-0: DOUBLE (Line Drive, 89D, EV 106.9 MPH)
|
|
Batting: LHB Ivan Alvarez
|
0-0: Called Strike 0-1: Ground out 6-3 (Groundball, 6M, EV 104.4 MPH) Edwin Cabral to third
|
|
Batting: SHB Eric Kelley
|
0-0: Ball 1-0: Ball 2-0: Called Strike 2-1: Ball 3-1: Base on Balls
|
|
Batting: RHB C.J. Wells
|
0-0: Ball 1-0: Ball 2-0: SINGLE (Line Drive, 89S, EV 95.6 MPH) Edwin Cabral scores Eric Kelley to second Runner from 2nd tries for 3rd, SAFE, throw by RF made to third
|
|
Batting: RHB Minoru Matsumoto
|
0-0: Ground out 4-3 (Groundball, 34S, EV 86.9 MPH) Eric Kelley scores C.J. Wells to second
|
|
Batting: LHB Xue-liang Zhou
|
0-0: Ball 1-0: Ground out U3 (Groundball, 3L, EV 86.2 MPH)
|
| Bottom of the 3rd over - 2 runs, 2 hits, 0 errors, 1 left on base; Bluefield 4 - Baltimore (APP) 9 |
| TOP OF THE 4TH |
|
Bluefield Blue Jays batting - Pitching for Baltimore (APP) Orioles : RHP Bruce Yeager
|
|
Batting: RHB Jorge Alva
|
0-0: Ball 1-0: Called Strike 1-1: Ball 2-1: Swinging Strike 2-2: Strikes out swinging
|
|
Batting: RHB Benedikt Fleischmann
|
0-0: Fly out, F7 (Flyball, 7LMF, EV 93.1 MPH)
|
|
Batting: RHB Dustin Bargman
|
0-0: Called Strike 0-1: Ball 1-1: Ball 2-1: Called Strike 2-2: Ball 3-2: Ground out 1-3 (Groundball, 13S, EV 71.2 MPH)
|
| Top of the 4th over - 0 runs, 0 hits, 0 errors, 0 left on base; Bluefield 4 - Baltimore (APP) 9 |
| BOTTOM OF THE 4TH |
|
Baltimore (APP) Orioles batting - Pitching for Bluefield Blue Jays : RHP Jordan Wyatt
|
|
Batting: LHB Chris Cohen
|
0-0: SINGLE (Groundball, 6S, EV 73.8 MPH) (infield hit)
|
|
Batting: RHB Juan Eyrich
|
0-0: Ball 1-0: Called Strike 1-1: Swinging Strike 1-2: Ball 2-2: Strikes out swinging
|
|
Batting: RHB Ruben Domingues
|
0-0: Ball 1-0: Ball 2-0: Foul Ball, location: 2F 2-1: Foul Ball, location: 2F 2-2: Ball 3-2: Strikes out swinging
|
|
Batting: LHB Edwin Cabral
|
0-0: Ground out 5-3 (Groundball, 56S, EV 68.8 MPH)
|
| Bottom of the 4th over - 0 runs, 1 hit, 0 errors, 1 left on base; Bluefield 4 - Baltimore (APP) 9 |
| TOP OF THE 5TH |
|
Bluefield Blue Jays batting - Pitching for Baltimore (APP) Orioles : RHP Bruce Yeager
|
|
Batting: RHB Jorge Cruz
|
0-0: Called Strike 0-1: Ball 1-1: Ball 2-1: Ground out 6-3 (Groundball, 6S, EV 73.1 MPH)
|
|
Batting: RHB Mark Noftall
|
0-0: Ball 1-0: Called Strike 1-1: Reached on error, E5 (Groundball, 56, EV 82.5 MPH)
|
|
Batting: RHB Terry Plumley
|
0-0: Foul Ball, location: 2F 0-1: Called Strike 0-2: Ball 1-2: Foul Ball, location: 2F 1-2: Ball 2-2: Strikes out swinging
|
|
Batting: RHB David Gamez
|
0-0: Called Strike Mark Noftall is caught stealing 2nd base 2-4
|
| Top of the 5th over - 0 runs, 0 hits, 1 error, 0 left on base; Bluefield 4 - Baltimore (APP) 9 |
| BOTTOM OF THE 5TH |
|
Baltimore (APP) Orioles batting - Pitching for Bluefield Blue Jays : RHP Jordan Wyatt
|
|
Batting: LHB Ivan Alvarez
|
0-0: Foul Ball, location: 2F 0-1: Ball 1-1: Reached on error, E4 (Groundball, 4, EV 86.9 MPH)
|
|
Batting: SHB Eric Kelley
|
0-0: Swinging Strike 0-1: Foul Ball, location: 2F 0-2: Foul Ball, location: 2F 0-2: Ball 1-2: Foul Ball, location: 2F 1-2: Ball 2-2: Strikes out looking
|
|
Batting: RHB C.J. Wells
|
0-0: Ball 1-0: Foul Ball, location: 2F 1-1: Foul Ball, location: 2F 1-2: Ground out 3-1 (Groundball, 34S, EV 82.5 MPH) Ivan Alvarez to third
|
|
Batting: RHB Minoru Matsumoto
|
0-0: SINGLE (Line Drive, 3D, EV 93.8 MPH) Ivan Alvarez scores
|
|
Batting: LHB Xue-liang Zhou
|
0-0: Ball 1-0: Ball 2-0: Ball 3-0: Base on Balls Minoru Matsumoto to second
|
|
Batting: LHB Chris Cohen
|
0-0: Swinging Strike 0-1: Ball 1-1: Ball 2-1: Ball 3-1: Ground out 4-3 (Groundball, 4MS, EV 80.6 MPH)
|
| Bottom of the 5th over - 1 run, 1 hit, 1 error, 2 left on base; Bluefield 4 - Baltimore (APP) 10 |
| TOP OF THE 6TH |
|
Bluefield Blue Jays batting - Pitching for Baltimore (APP) Orioles : RHP Bruce Yeager
|
|
Batting: RHB David Gamez
|
0-0: Ball 1-0: Ball 2-0: Called Strike 2-1: Ground out 6-3 (Groundball, 6, EV 86.9 MPH)
|
|
Pitching: LHP Sueo Iba
|
|
|
Pinch Hitting: SHB Kevin Watson
|
0-0: Called Strike 0-1: SINGLE (Groundball, 56D, EV 105.6 MPH)
|
|
Pinch Hitting: RHB Carlos Bravo
|
0-0: Ball 1-0: Ball 2-0: SINGLE (Groundball, 34D, EV 101.2 MPH) Kevin Watson to second
|
|
Pinch Hitting: LHB Lothar Middelkoop
|
0-0: Fly out, F8 (Flyball, 8RD, EV 95.6 MPH)
|
|
Pinch Hitting: RHB Pete Duncan
|
0-0: Foul Ball, location: 2F 0-1: Ball 1-1: Fly out, F9 (Flyball, 89M, EV 95.0 MPH)
|
| Top of the 6th over - 0 runs, 2 hits, 0 errors, 2 left on base; Bluefield 4 - Baltimore (APP) 10 |
| BOTTOM OF THE 6TH |
|
Baltimore (APP) Orioles batting - Pitching for Bluefield Blue Jays : RHP Jordan Wyatt
|
|
Now at 2B: Dustin Bargman
|
|
|
Now at 3B: Pete Duncan
|
|
|
Now in LF: Kevin Watson
|
|
|
Now in CF: Manny Elizondo
|
|
|
Now in RF: Carlos Bravo
|
|
|
Batting: RHB Juan Eyrich
|
0-0: Called Strike 0-1: Ground out 4-3 (Groundball, 4, EV 100.0 MPH)
|
|
Batting: RHB Ruben Domingues
|
0-0: Foul Ball, location: 2F 0-1: SINGLE (Popup, 3D, EV 56.2 MPH)
|
|
Pitching: RHP Joe Linkous
|
|
|
Batting: LHB Edwin Cabral
|
0-0: Called Strike 0-1: Swinging Strike 0-2: Ball 1-2: Foul Ball, location: 2F 1-2: Strikes out swinging
|
|
Batting: LHB Ivan Alvarez
|
0-0: Ball 1-0: Fielders Choice at 2nd, 5-4 (Groundball, 5, EV 90.6 MPH)
|
| Bottom of the 6th over - 0 runs, 1 hit, 0 errors, 1 left on base; Bluefield 4 - Baltimore (APP) 10 |
| TOP OF THE 7TH |
|
Bluefield Blue Jays batting - Pitching for Baltimore (APP) Orioles : LHP Sueo Iba
|
|
Batting: RHB Dustin Bargman
|
0-0: SOLO HOME RUN (Flyball, 78XD, EV 115.6 MPH), Distance : 444 ft
|
|
Batting: RHB Jorge Cruz
|
0-0: Called Strike 0-1: Foul Ball, location: 2F 0-2: Foul Ball, location: 2F 0-2: Ball 1-2: Ball 2-2: Strikes out swinging
|
|
Batting: RHB Mark Noftall
|
0-0: Called Strike 0-1: Foul Ball, location: 2F 0-2: Ball 1-2: Foul Ball, location: 2F 1-2: Foul Ball, location: 2F 1-2: Foul Ball, location: 2F 1-2: Ball 2-2: Ball 3-2: Foul Ball, location: 2F 3-2: Strikes out swinging
|
|
Batting: RHB Terry Plumley
|
0-0: Ball 1-0: Foul Ball, location: 2F 1-1: Foul Ball, location: 2F 1-2: Foul Ball, location: 2F 1-2: Ball 2-2: Strikes out swinging
|
| Top of the 7th over - 1 run, 1 hit, 0 errors, 0 left on base; Bluefield 5 - Baltimore (APP) 10 |
| BOTTOM OF THE 7TH |
|
Baltimore (APP) Orioles batting - Pitching for Bluefield Blue Jays : RHP Joe Linkous
|
|
Batting: SHB Eric Kelley
|
0-0: Ball 1-0: Fly out, F7 (Flyball, 78M, EV 81.2 MPH)
|
|
Batting: RHB C.J. Wells
|
0-0: Foul Ball, location: 2F 0-1: Called Strike 0-2: Ball 1-2: Strikes out swinging, 2-3 out at first.
|
|
Batting: RHB Minoru Matsumoto
|
0-0: Foul Ball, location: 2F 0-1: Ground out 4-3 (Groundball, 4, EV 104.4 MPH)
|
| Bottom of the 7th over - 0 runs, 0 hits, 0 errors, 0 left on base; Bluefield 5 - Baltimore (APP) 10 |
| TOP OF THE 8TH |
|
Bluefield Blue Jays batting - Pitching for Baltimore (APP) Orioles : LHP Sueo Iba
|
|
Batting: RHB David Gamez
|
0-0: Called Strike 0-1: Called Strike 0-2: Strikes out swinging
|
|
Batting: SHB Kevin Watson
|
0-0: SOLO HOME RUN (Flyball, 7D, EV 100.0 MPH), Distance : 394 ft
|
|
Batting: RHB Carlos Bravo
|
0-0: Ball 1-0: Ball 2-0: Swinging Strike 2-1: Fly out, F3 (Line Drive, 3, EV 75.6 MPH)
|
|
Batting: RHB Manny Elizondo
|
0-0: Called Strike 0-1: SOLO HOME RUN (Flyball, 7D, EV 99.4 MPH), Distance : 395 ft
|
|
Pitching: LHP Lawson Noseworthy
|
|
|
Batting: RHB Pete Duncan
|
0-0: Called Strike 0-1: Ball 1-1: SINGLE (Groundball, 6MD, EV 105.0 MPH)
|
|
Batting: RHB Dustin Bargman
|
0-0: Ball 1-0: Ball 2-0: Called Strike 2-1: Called Strike 2-2: Foul Ball, location: 2F 2-2: Ball 3-2: SINGLE (Groundball, 6, EV 101.2 MPH) Pete Duncan to second Pete Duncan to third
|
|
Batting: RHB Jorge Cruz
|
0-0: Swinging Strike 0-1: Ball 1-1: SINGLE (Flyball, 3D, EV 96.2 MPH) Pete Duncan scores Dustin Bargman to second Runner from 2nd tries for 3rd, SAFE, throw by RF made to third
|
|
Batting: RHB Mark Noftall
|
0-0: Called Strike 0-1: Foul Ball, location: 2F 0-2: Ball 1-2: Ball 2-2: Foul Ball, location: 2F 2-2: Foul Ball, location: 2F 2-2: Foul Ball, location: 2F 2-2: Ball 3-2: Fly out, F7 (Line Drive, 78M, EV 84.4 MPH)
|
| Top of the 8th over - 3 runs, 5 hits, 0 errors, 2 left on base; Bluefield 8 - Baltimore (APP) 10 |
| BOTTOM OF THE 8TH |
|
Baltimore (APP) Orioles batting - Pitching for Bluefield Blue Jays : RHP Joe Linkous
|
|
Batting: LHB Xue-liang Zhou
|
0-0: Ball 1-0: Called Strike 1-1: Ball 2-1: Swinging Strike 2-2: Foul Ball, location: 2F 2-2: Foul Ball, location: 2F 2-2: Foul Ball, location: 2F 2-2: SINGLE (Flyball, 4MD, EV 86.2 MPH)
|
|
Batting: LHB Chris Cohen
|
0-0: Swinging Strike 0-1: Ball 1-1: Swinging Strike 1-2: Strikes out swinging
|
|
Pitching: RHP Dave Vandehey
|
|
|
Batting: RHB Juan Eyrich
|
0-0: Called Strike 0-1: Foul Ball, location: 2F 0-2: Ball 1-2: Ball 2-2: Ball 3-2: Fielders Choice at 2nd, U6 (Groundball, 4M, EV 80.0 MPH)
|
|
Batting: RHB Ruben Domingues
|
0-0: Foul Ball, location: 2F 0-1: Ball 1-1: SINGLE (Line Drive, 4MD, EV 97.5 MPH) Juan Eyrich to second
|
|
Batting: LHB Edwin Cabral
|
0-0: Ball 1-0: Called Strike 1-1: Ball 2-1: Swinging Strike 2-2: Strikes out swinging
|
| Bottom of the 8th over - 0 runs, 2 hits, 0 errors, 2 left on base; Bluefield 8 - Baltimore (APP) 10 |
| TOP OF THE 9TH |
|
Bluefield Blue Jays batting - Pitching for Baltimore (APP) Orioles : LHP Lawson Noseworthy
|
|
Pitching: RHP Rod Najera
|
|
|
Now at 1B: Chris Cohen
|
|
|
Now at 3B: Dou-wan Pan
|
|
|
Batting: RHB Terry Plumley
|
0-0: Foul Ball, location: 2F 0-1: Ball 1-1: Ball 2-1: Called Strike 2-2: Ball 3-2: Ground out 1-3 (Groundball, 15S, EV 65.6 MPH)
|
|
Batting: RHB David Gamez
|
0-0: Swinging Strike 0-1: Ball 1-1: Swinging Strike 1-2: Ground out U3 (Groundball, 3, EV 82.5 MPH)
|
|
Batting: SHB Kevin Watson
|
0-0: Foul Ball, location: 2F 0-1: Ball 1-1: Hit by Pitch
|
|
Batting: RHB Carlos Bravo
|
0-0: Ball 1-0: Swinging Strike 1-1: Called Strike 1-2: Foul Ball, location: 2F 1-2: Foul Ball, location: 2F 1-2: Ball 2-2: Foul Ball, location: 2F 2-2: Strikes out swinging
|
| Top of the 9th over - 0 runs, 0 hits, 0 errors, 1 left on base; Bluefield 8 - Baltimore (APP) 10 |
|